 Dungeon Crawl Stone Soup version 0.31.0-11-ge490571c62 (webtiles) character file.

Game seed: 5711168901343842831

11909 Destinykillz the Grappler (level 11, 0/107 HPs)
             Began as a Troll Fighter on Feb 6, 2024.
             Was an Elder of the Shining One.
             Slain by a seven-headed hydra (7 damage)
             ... on level 10 of the Dungeon.
             The game lasted 00:18:49 (8872 turns).

Destinykillz the Grappler (Troll Fighter)           Turns: 8872, Time: 00:18:51

Health: 0/107      AC:  7    Str: 34    XL:     11   Next: 55%
Magic:  7/10       EV: 10    Int:  6    God:    the Shining One [****..]
Gold:   129        SH: 17    Dex:  9    Spells: 8/10 levels left

rFire   + . .        E - +2 whip (elec)
rCold   + . .        b - +1 kite shield
rNeg    + + .        I - +0 steam dragon scales
rPois   .            (helmet restricted)
rElec   .            (no cloak)
rCorr   .            (gloves unavailable)
SInv    .            (boots unavailable)
Will    .....        n - amulet of faith
Stlth   +            e - +6 ring of strength
HPRegen 1.17/turn    J - ring of Gigin {rF+ rC+}
MPRegen 0.12/turn

%: faith
@: divinely shielded, glowing
A: large, unfitting armour, claws 3, regeneration 1, shaggy fur 1, tough skin 1
a: Renounce Religion, Divine Shield, Cleansing Flame


You were on level 10 of the Dungeon.
You worshipped the Shining One.
The Shining One was greatly pleased with you.
You visited 1 branch of the dungeon, and saw 10 of its levels.
You also visited: Sewer and Ossuary.

You collected 803 gold pieces.
You spent 674 gold pieces at shops.

Inventory:

Hand Weapons
 c - a +1 demon whip of venom
 k - a +2 dagger of venom
 E - a +2 whip of electrocution (weapon)
Missiles
 x - a curare-tipped dart (quivered)
Armour
 a - a +0 robe of willpower
 b - a +1 kite shield (worn)
 I - +0 steam dragon scales (worn)
Jewellery
 d - an amulet of magic regeneration
 e - a +6 ring of strength (left claw)
 j - a ring of resist corrosion
 n - an amulet of faith (around neck)
 F - a ring of poison resistance
 J - the ring of Gigin (right claw) {rF+ rC+}
   (You bought it in a shop on level 1 of the Dungeon)

   [ring of protection from fire]

   rF+:       It protects you from fire.
   rC+:       It protects you from cold.
 K - a +6 ring of dexterity
Wands
 B - a wand of quicksilver (13)
 C - a wand of digging (15)
 L - a wand of paralysis (7)
Scrolls
 f - 5 scrolls of amnesia
 h - 4 scrolls of noise
 i - 3 scrolls of blinking
 m - 5 scrolls of teleportation
 p - 3 scrolls of revelation
 y - a scroll of enchant weapon
 A - a scroll of vulnerability
 D - 3 scrolls of fear
 M - a scroll of enchant armour
Potions
 l - 2 potions of brilliance
 o - 3 potions of resistance
 q - 2 potions of ambrosia
 r - a potion of berserk rage
 s - a potion of cancellation
 t - 5 potions of enlightenment
 v - 8 potions of curing
 w - a potion of attraction
 z - a potion of mutation {unknown}
 H - a potion of magic {unknown}


   Skills:
 + Level 6.5 Fighting
 + Level 6.5 Dodging
 * Level 9.6 Shields
 * Level 10.1 Unarmed Combat
 + Level 5.1 Translocations


You had 8 spell levels left.
You knew the following spells:

 Your Spells              Type           Power      Damage    Failure   Level
a - Blink                 Tloc           12%        N/A       14%         2

Your spell library contained the following spells:

 Spells                   Type           Power      Damage    Failure   Level
 Lesser Beckoning         Tloc           12%        N/A       14%         2
 Momentum Strike          Conj/Tloc      6%         3d8       38%         2
 Kiss of Death            Conj/Necr      0%         2d5       58%         1
 Sandblast                Erth           0%         2d4       58%         1
 Confusing Touch          Hex            0%         N/A       92%         3
 Passwall                 Erth           0%         N/A       92%         3
 Stone Arrow              Conj/Erth      0%         3d7       92%         3
 Brom's Barrelling Bould  Conj/Erth      0%         2d3       100%        4
 Dispel Undead            Necr           0%         3d6       100%        4


Dungeon Overview and Level Annotations

Branches:
Dungeon (10/15)            Temple (0/1) D:4           Sewer (visited)
Ossuary (visited)
   Lair: D:8-11         Orc: D:9-12

Altars:
Ashenzari
Dithmenos
Elyvilon
Gozag
Hepliaklqana
Kikubaaqudgha
Okawaru
Qazlal
Sif Muna
Trog
Uskayaw
Vehumet
Wu Jian
Xom
Yredelemnul
Zin
The Shining One

Shops:
D:1 =   D:8 (   D:10 ?


Innate Abilities, Weirdness & Mutations

You are too large for most types of armour.
You have claws for hands.
Your natural rate of healing is unusually fast.
You are covered in fur. (AC +1)
You have tough skin. (AC +1)


Message History

You block the seven-headed hydra's attack.
The seven-headed hydra bites you but does no damage.
The seven-headed hydra barely misses you.
The seven-headed hydra bites you!
The seven-headed hydra bites you but does no damage.
You block the seven-headed hydra's attack.
The seven-headed hydra bites you.
You feel much better. The seven-headed hydra bites you!
The seven-headed hydra barely misses you.
The seven-headed hydra closely misses you.
The seven-headed hydra bites you! x2
You block the seven-headed hydra's attack. x2
You are too injured to fight recklessly!
You hit the seven-headed hydra.
The seven-headed hydra is heavily wounded.
The seven-headed hydra bites you.
The seven-headed hydra bites you but does no damage.
The seven-headed hydra barely misses you.
You block the seven-headed hydra's attack. x3
The seven-headed hydra bites you!
* * * LOW HITPOINT WARNING * * *
You hit the seven-headed hydra.
Lightning courses through the seven-headed hydra!
The seven-headed hydra is severely wounded.
The seven-headed hydra barely misses you.
The seven-headed hydra bites you!
* * * LOW HITPOINT WARNING * * *
The seven-headed hydra bites you but does no damage.
The seven-headed hydra closely misses you.
You block the seven-headed hydra's attack.
The seven-headed hydra bites you.
* * * LOW HITPOINT WARNING * * *
The seven-headed hydra barely misses you.
Your shield is strengthened by the Shining One's divine power.
You block the seven-headed hydra's attack.
The seven-headed hydra bites you!
* * * LOW HITPOINT WARNING * * *
The seven-headed hydra bites you but does no damage.
The seven-headed hydra bites you!
You die...

p. ###...#. p§
#....... ##
§####..... ##.
§.##..... #..
#..###<.. #.. #))#
#### #.. #..######
#D#########'##.....
#.@.##8##...#.###..
##..'...†..##......
#.#†#8.8#.#.#......
#####8)8#####.##...
#8.8##.........
##'###.##.##...
#...........##
########.#####
#.#####


You could see a seven-headed hydra.

Vanquished Creatures
  An ogre mage (D:10)
  A centaur warrior (D:10)
  A death knight (D:10)
  Amaemon (D:8)
  A meliai (D:10)
  An orange demon (D:8)
  Maggie (D:8)
  A troll (D:10)
  19 yaks
  3 wraiths
  2 wyverns
  A steam dragon (D:8)
  Menkaure (D:7)
  5 ice beasts
  An orc warrior (D:8)
  6 centaurs
  A phantom (D:7)
  2 kobold brigands (Sewer)
  6 bullfrogs
  12 scorpions
  12 wights
  11 killer bees
  3 howler monkeys
  2 bombardier beetles
  4 centaur zombies (Ossuary)
  3 orc priests
  4 jellies
  A gnoll bouda (D:5)
  A sleepcap (D:7)
  4 human zombies (Ossuary)
  5 scorpion zombies (Ossuary)
  4 iguanas
  7 orc wizards
  3 mummies (Ossuary)
  7 adders
  6 gnolls
  4 river rats (D:4)
  A shadow imp (D:7)
  A white imp (D:7)
  3 adder zombies (Ossuary)
  4 dart slugs
  3 ribbon worms
  27 orcs
  6 ball pythons
  12 endoplasms
  4 giant cockroaches
  A gnoll zombie (Ossuary)
  5 hobgoblins
  10 jackals
  17 kobolds
  A quokka (D:3)
  4 ball python zombies (Ossuary)
  7 bats
  2 frilled lizards
  4 goblins
  An orc zombie (Ossuary)
  15 rats
276 creatures vanquished.

Notes
Turn   | Place    | Note
-------+----------+-------------------------------------------
     0 | D:1      | Destinykillz the Troll Fighter began the quest for the Orb.
     0 | D:1      | Reached XP level 1. HP: 22/22 MP: 0/0
   106 | D:1      | Found Jaremei's Jewellery Shoppe.
   238 | D:1      | Reached XP level 2. HP: 29/29 MP: 1/1
   434 | D:1      | Reached XP level 3. HP: 36/36 MP: 2/2
   700 | D:2      | Found a faded altar of an unknown god.
   793 | D:2      | Learned a level 2 spell: Blink
   837 | D:2      | Reached skill level 3 in Unarmed Combat
   877 | D:2      | Reached XP level 4. HP: 42/44 MP: 3/3
  1135 | D:3      | Found an iron altar of Okawaru.
  1314 | D:3      | Found a broken altar of Ashenzari.
  1360 | D:3      | Found a glowing golden altar of the Shining One.
  1446 | D:3      | Became a worshipper of the Shining One
  1484 | D:4      | Reached XP level 5. HP: 48/52 MP: 4/4
  1499 | D:4      | Found a glowing drain.
  1538 | Sewer    | Entered a sewer
  1622 | Sewer    | Reached skill level 1 in Translocations
  1627 | Sewer    | Reached XP level 6. HP: 58/61 MP: 5/5
  1643 | Sewer    | Reached skill level 4 in Unarmed Combat
  1666 | Sewer    | Found a glowing silver altar of Zin.
  1872 | D:4      | Noticed an ice beast
  1884 | D:4      | Killed an ice beast
  2035 | D:4      | Reached XP level 7. HP: 52/67 MP: 6/6
  2204 | D:4      | Found a staircase to the Ecumenical Temple.
  2503 | D:4      | Found a hazy altar of Hepliaklqana.
  2647 | D:5      | Entered Level 5 of the Dungeon
  2912 | D:5      | Reached skill level 5 in Shields
  2912 | D:5      | Reached skill level 5 in Unarmed Combat
  3085 | D:5      | Found a glowing silver altar of Zin.
  3093 | D:5      | Found a stormy altar of Qazlal.
  3094 | D:5      | Found a shimmering altar of Xom.
  3094 | D:5      | Found a bloodstained altar of Trog.
  3094 | D:5      | Found a shimmering blue altar of Sif Muna.
  3096 | D:5      | Found an ancient bone altar of Kikubaaqudgha.
  3099 | D:5      | Found a shadowy altar of Dithmenos.
  3697 | D:6      | Reached XP level 8. HP: 66/78 MP: 7/7
  3848 | D:6      | Found an opulent altar of Gozag.
  3914 | D:6      | Reached * piety under the Shining One
  4411 | D:7      | Found a sand-covered staircase.
  4420 | Ossuary  | Entered an ossuary
  4456 | Ossuary  | Reached skill level 6 in Unarmed Combat
  4485 | Ossuary  | Reached ** piety under the Shining One
  4567 | Ossuary  | Reached XP level 9. HP: 68/85 MP: 8/8
  4637 | Ossuary  | Reached *** piety under the Shining One
  4931 | D:7      | Reached skill level 7 in Unarmed Combat
  5395 | D:7      | Reached skill level 5 in Fighting
  5451 | D:7      | Found a basalt altar of Yredelemnul.
  5459 | D:7      | Found a radiant altar of Vehumet.
  5461 | D:7      | Noticed Menkaure
  5469 | D:7      | Killed Menkaure
  5470 | D:7      | Reached skill level 5 in Dodging
  6135 | D:8      | Found an ornate altar of the Wu Jian Council.
  6135 | D:8      | Found a hide-covered altar of Uskayaw.
  6357 | D:8      | Noticed Maggie
  6366 | D:8      | Killed Maggie
  6367 | D:8      | Reached skill level 8 in Unarmed Combat
  6367 | D:8      | Reached XP level 10. HP: 74/96 MP: 9/9
  6565 | D:8      | Reached **** piety under the Shining One
  6590 | D:8      | Found Toecsaf's Weapon Boutique.
  6679 | D:8      | Identified the +6 quarterstaff of Achisial {holy, Int+3}
  6702 | D:8      | Noticed Amaemon
  6702 | D:8      | Noticed an orange demon
  6719 | D:8      | Killed an orange demon
  6727 | D:8      | Killed Amaemon
  6735 | D:8      | Reached skill level 9 in Unarmed Combat
  7062 | D:3      | Found an opulent altar of Gozag.
  7062 | D:3      | Found a white marble altar of Elyvilon.
  7062 | D:3      | Found an opulent altar of Gozag.
  7062 | D:3      | Found a hazy altar of Hepliaklqana.
  7062 | D:3      | Found a radiant altar of Vehumet.
  7062 | D:3      | Found a broken altar of Ashenzari.
  7299 | D:1      | Bought the ring of Gigin {rF+ rC+} for 429 gold pieces
  7711 | D:9      | Reached XP level 11. HP: 102/105 MP: 10/10
  8546 | D:10     | Entered Level 10 of the Dungeon
  8609 | D:10     | Found Liazu's Magic Scroll Boutique.
  8612 | D:10     | Bought a scroll of teleportation for 42 gold pieces
  8612 | D:10     | Bought a scroll of identify for 28 gold pieces
  8612 | D:10     | Bought a scroll of enchant armour for 105 gold pieces
  8612 | D:10     | Bought a scroll of identify for 28 gold pieces
  8612 | D:10     | Bought a scroll of teleportation for 42 gold pieces
  8723 | D:10     | Noticed a centaur warrior
  8723 | D:10     | Noticed a death knight
  8725 | D:10     | Noticed an ogre mage
  8744 | D:10     | Killed a centaur warrior
  8761 | D:10     | Killed a death knight
  8771 | D:10     | Killed an ogre mage
  8772 | D:10     | Reached skill level 10 in Unarmed Combat
  8772 | D:10     | Reached skill level 5 in Translocations
  8861 | D:10     | Noticed a seven-headed hydra
  8872 | D:10     | Slain by a seven-headed hydra

Illustrated notes

Levels and vault maps discovered:
D:1:      shiori_arrival_oz, layout_basic, serial_shops, shop
D:2:      layout_rooms, ebering_ecumenical_altar_ruins
D:3:      cheibrodos_fertilizer, layout_rooms, amcnicky_altar_gilded,
          mainiacjoe_overflow_chevrons, nicolae_ashenzari_skybound
D:4:      layout_cave_pods, mainiacjoe_overflow_alcove_2,
          minmay_temple_entry_proselytizer, portal_sewer_entry_c
D:5:      layout_cave_pods, minitemple, due_unseen_surprise
D:6:      layout_basic, grunt_gozag_breadcrumbs
D:7:      nicolae_whirlpool, layout_loops_corners,
          chequers_temple_overflow_statue_of_worship,
          lightli_ossuary_entry_decrepit_ruins, kennysheep_generic_room_12,
          uniq_menkaure
D:8:      layout_basic, jmf_multi_god_temple, serial_shops, shop, uniq_amaemon,
          uniq_maggie
D:9:      layout_stronghold
D:10:     minmay_chambers_of_sevens, layout_loops_cross, erik_orc_1,
          serial_shops, kennysheep_mini, roderic_cross_of_infinity

Skill      XL: |  1  2  3  4  5  6  7  8  9 10 11 |
---------------+----------------------------------+-----
Shields        | 3 4 5 6 7 8 9 |  9.6
Unarmed Combat | 3 4 5 6 8 9 10 | 10.1
Fighting       | 3 4 5 6 |  6.5
Dodging        | 3 4 5 6 |  6.5
Translocations | 1 2 3 4 5 |  5.1

Action                     |  1- 3 |  4- 6 |  7- 9 | 10-12 || total
---------------------------+-------+-------+-------+-------++-------
  Melee: Unarmed           |   112 |   166 |   310 |   196 ||   784
         Whip              |       |       |       |     5 ||     5
  Throw: Dart              |       |       |     2 |       ||     2
 Invoke: Divine Shield     |       |       |     1 |     6 ||     7
    Use: Scroll            |       |     3 |    10 |     5 ||    18
         Potion            |       |       |       |     8 ||     8
 Armour: Robe              |    65 |    79 |   182 |       ||   326
         Steam dragon scal |       |       |       |   118 ||   118
  Dodge: Dodged            |    30 |    60 |    91 |    65 ||   246
  Block: Kite shield       |    34 |    61 |   138 |   134 ||   367
